 Dungeon Crawl Stone Soup version 0.23.2-33-g5129a83 (webtiles) character file.

Game seed: 5245314848060633898

140 Aphrodieselac the Charmwright (level 5, -11/38 HPs)
             Began as a Merfolk Skald on Aug 4, 2019.
             Killed by divine providence
             ... invoked by an orc priest
              (14 damage)
             ... on level 4 of the Dungeon.
             The game lasted 00:11:48 (2553 turns).

Aphrodieselac the Charmwright (Merfolk Skald)       Turns: 2553, Time: 00:11:50

Health: -11/38     AC:  5    Str: 13    XL:     5   Next: 23%
Magic:  4/8        EV: 12    Int: 12    God:
Gold:   103        SH:  0    Dex: 13    Spells: 0/8 levels left

rFire    . . .     SeeInvis .   a - +0 spear
rCold    . . .     Gourm    .   (no shield)
rNeg     . . .     Faith    .   b - +0 leather armour
rPois    .         Spirit   .   h - +1 helmet
rElec    .         Reflect  .   (no cloak)
rCorr    .         Harm     .   (no gloves)
MR       .....                  (no boots)
Stlth    +.........             (no amulet)
HPRegen  0.12/turn              (no ring)
MPRegen  0.11/turn              (no ring)

@: infused
A: change form in water, swift swim, stealthy swim
a: no special abilities


You were on level 4 of the Dungeon.
You were hungry.

You visited 1 branch of the dungeon, and saw 4 of its levels.

You collected 103 gold pieces.

Inventory:

Hand Weapons
 a - a +0 spear (weapon)
Missiles
 m - 11 poisoned needles
 n - a javelin (quivered)
 q - 2 throwing nets
Armour
 b - a +0 leather armour (worn)
 h - a +1 helmet (worn)
Jewellery
 w - an uncursed ring of wizardry {unknown}
Scrolls
 c - 3 scrolls of magic mapping {unknown}
 i - 2 scrolls of remove curse {unknown}
 l - 2 scrolls of identify {unknown}
 o - 5 scrolls of amnesia {unknown}
 p - a scroll of enchant weapon {unknown}
 u - 2 scrolls of random uselessness {unknown}
 v - a scroll of teleportation {unknown}
Potions
 e - a potion of degeneration {unknown}
 f - a potion of might {unknown}
 g - 3 potions of curing
 j - 3 potions of heal wounds {unknown}
 k - a potion of magic {unknown}
 r - 2 potions of haste {unknown}
 s - a potion of lignification {unknown}
 t - a potion of resistance {unknown}
Comestibles
 d - 6 rations


   Skills:
 - Level 2.1 Fighting
 + Level 4.9 Polearms
 - Level 0.6 Armour
 - Level 2.6 Dodging
 - Level 2.0 Spellcasting
 * Level 5.5 Charms


You couldn't memorise any spells.
You knew the following spells:

 Your Spells              Type           Power        Failure   Level  Hunger
a - Infusion              Chrm           ##..         3%          1    ##.....
b - Song of Slaying       Chrm           ##......     5%          2    ###....
c - Shroud of Golubria    Chrm/Tloc      #.........   17%         2    ###....
d - Spectral Weapon       Hex/Chrm       #.......     32%         3    ####...

Your spell library contained the following spells:

 Spells                   Type           Power        Failure   Level  Hunger
 Regeneration             Chrm/Necr      #.........   32%         3    ####...


Dungeon Overview and Level Annotations

Branches:
Dungeon (4/15)
 Temple: D:4-7

Altars:
Fedhas
Gozag
Hepliaklqana
Ru
Sif Muna
Uskayaw
Vehumet
Yredelemnul
The Shining One


Message History

You hear some strange, mumbled words.
A magic dart appears from out of thin air!
The magic dart hits you.
* * * LOW HITPOINT WARNING * * *
The orc priest hits you but does no damage.
You hit the orc priest.
The orc priest is almost dead.
The orc priest hits you with a +0 whip.
* * * LOW HITPOINT WARNING * * *
You hear some strange, mumbled words.
Something tries to affect you, but you resist.
The orc priest misses you.
You hit the orc priest.
The orc priest is almost dead.
The orc priest hits you with a +0 whip.
* * * LOW HITPOINT WARNING * * *
Something hits you but does no damage.
The orc priest calls down the wrath of Beogh upon you.
Beogh smites you!
You die...

#.....#......#
#.....#......#
#.....#......#
####'##......#
#............# ######
#............# #....#
#............# #....#
#.........o{o# #....#
#######....@.# #....#
#......# #....#
#......# #....#
#......# #....#
#......# ####....#
#......# #..#....#
#......######..#....#
#...........#..#....#
#...........'..'....#


You could see 2 orc priests.

Vanquished Creatures
  Jessica (D:3)
  A worker ant (D:4)
  An adder (D:2)
  An ooze (D:2)
  A worm (D:1)
  3 dart slugs
  2 leopard geckos (D:3)
  3 orcs (D:3)
  12 bats
  3 giant cockroaches
  5 hobgoblins
  A jackal (D:3)
  3 kobolds (D:2)
  4 quokkas
  5 frilled lizards
  9 goblins
  9 rats
64 creatures vanquished.

Vanquished Creatures (others)
  A jackal (D:3)
1 creature vanquished.

Grand Total: 65 creatures vanquished

Notes
Turn   | Place    | Note
-------+----------+-------------------------------------------
     0 | D:1      | Aphrodieselac the Merfolk Skald began the quest for the
                  | Orb.
     0 | D:1      | Reached XP level 1. HP: 16/16 MP: 3/3
   209 | D:1      | Reached XP level 2. HP: 12/22 MP: 5/5
   609 | D:1      | Reached skill level 4 in Charms
   881 | D:2      | Reached XP level 3. HP: 27/27 MP: 6/6
   917 | D:2      | Found a radiant altar of Vehumet.
  1045 | D:2      | Found a blossoming altar of Fedhas.
  1266 | D:2      | Found a sacrificial altar of Ru.
  1268 | D:2      | Found an opulent altar of Gozag.
  1270 | D:2      | Found a hazy altar of Hepliaklqana.
  1497 | D:3      | Reached XP level 4. HP: 24/33 MP: 7/7
  1661 | D:3      | Found a basalt altar of Yredelemnul.
  1669 | D:3      | Noticed a profane servitor
  1676 | D:3      | Found a glowing golden altar of the Shining One.
  1678 | D:3      | Noticed an angel
  1748 | D:3      | Reached skill level 5 in Charms
  1876 | D:3      | Found a hide-covered altar of Uskayaw.
  2025 | D:3      | Noticed Jessica
  2032 | D:3      | Found a deep blue altar of Sif Muna.
  2035 | D:3      | Killed Jessica
  2035 | D:3      | Reached XP level 5. HP: 32/38 MP: 4/8
  2504 | D:4      | Learned a level 2 spell: Song of Slaying
  2507 | D:4      | Learned a level 2 spell: Shroud of Golubria
  2511 | D:4      | Learned a level 3 spell: Spectral Weapon
  2553 | D:4      | Killed from afar by an orc priest

Skill      XL: |  1  2  3  4 |
---------------+-------------+-----
Charms         | 4 5 |  5.5
Polearms       | 4 |  4.9
Fighting       | |  2.1
Armour         | |  0.6
Dodging        | |  2.6
Spellcasting   | |  2.0

Action                   |  1- 3 |  4- 6 || total
-------------------------+-------+-------++-------
Melee: Spear             |   145 |   132 ||   277
Throw: Javelin           |       |     1 ||     1
 Cast: Infusion          |     2 |     4 ||     6
  Use: Potion            |       |     1 ||     1
 Stab: Sleeping          |     2 |       ||     2
  Eat: Chunk             |     2 |     3 ||     5
Armor: Leather armour    |    25 |    41 ||    66
Dodge: Dodged            |    59 |    75 ||   134
